AoeStats
← Michi3052

Arena

507496278Analyzed
1v1 RM · 14d ago on Sep 18, 2026· 41m 35s· 2 players
Game mode
Random Map
Map size
Tiny (2 player)
Population
200
Speed
Normal
Resources
Standard
Victory
Conquest
Starting age
Dark Age
Ending age
Imperial Age
RankedLock teamsTeams togetherTeam positionsShared explorationLock speedFull tech treeHidden civsTurbo modeCheats
Victory
Defeat
🇪🇸 Turks · Spain
715
+17
🇳🇱 Khmer · Netherlands
736
-17
Michi3052
12:15 Feudal Age
14:16 Double-Bit Axe
18:57 Castle Age
27:59 Imperial Age
25:55 Gold Mining
25:49 Horse Collar
29:31 Fletching
29:43 Padded Archer Armor
30:09 Ballistics
30:57 Gold Shaft Mining
30:21 Bodkin Arrow
34:07 Stone Mining
37:20 Wheelbarrow
36:30 Loom
zwiktuut
11:08 Feudal Age
13:22 Double-Bit Axe
13:20 Horse Collar
17:09 Castle Age
16:39 Gold Mining
17:36 Bloodlines
18:18 Husbandry
19:30 Bow Saw
20:47 Wheelbarrow
25:41 Hand Cart
25:53 Forging
25:49 Scale Barding Armor
28:03 Chain Barding Armor
30:42 Imperial Age
29:55 Iron Casting
29:07 Light Cavalry
30:13 Stone Mining
31:57 Stone Shaft Mining
32:22 Plate Barding Armor
34:52 Blast Furnace
33:20 Hussar
36:46 Conscription
Connection lost

Rejoining the realm…

Still unreachable

The connection could not be restored.

Session expired

The server has moved on; the page needs a fresh start.